 Dungeon Crawl Stone Soup version 0.29.1-1-gd02db6906a (webtiles) character file.

Game seed: 546394243404114974

6566 xian the Basher (level 11, -2/66 HPs)
             Began as a Gargoyle Gladiator on Sept 24, 2022.
             Was an Initiate of Yredelemnul.
             Slain by a two-headed ogre
             ... wielding a +0 giant club
              (17 damage)
             ... on level 2 of the Orcish Mines.
             The game lasted 00:36:14 (7995 turns).

xian the Basher (Gargoyle Gladiator)                Turns: 7995, Time: 00:36:15

Health: -2/66      AC: 36    Str: 31    XL:     11   Next: 1%
Magic:  0/11       EV: 13    Int:  9    God:    Yredelemnul [......]
Gold:   744        SH:  0    Dex: 15    Spells: 10/10 levels left

rFire   . . .      SeeInvis .   K - +1 dire flail (venom)
rCold   . . .      Faith    .   (shield currently unavailable)
rNeg    + . .      Spirit   +   b - +5 scale mail of the Rescuing Gods {+Blink rElec Dex+4}
rPois   ∞          Reflect  .   c - +2 helmet
rElec   +          Harm     .   H - +2 cloak
rCorr   .          Rampage  .   v - +2 pair of gloves {Str+3}
Will    .....                   Q - +0 pair of boots
Stlth   +.........              f - amulet of guardian spirit
HPRegen 0.21/turn               B - +4 ring of protection
MPRegen 0.12/turn               x - +6 ring of strength

@: mighty, flying
A: sickness immunity, AC +8, negative energy resistance 1, electricity
resistance, torment resistance 1, petrification resistance, big wings
a: Renounce Religion, Evoke Blink, Recall Undead Harvest


You were on level 2 of the Orcish Mines.
You worshipped Yredelemnul.
Yredelemnul was noncommittal.
You visited 2 branches of the dungeon, and saw 11 of its levels.

You collected 744 gold pieces.

Inventory:

Hand Weapons
 K - a +1 dire flail of venom (weapon)
Missiles
 d - 2 throwing nets
 e - a javelin
 l - 12 poisoned darts
 u - 6 atropa-tipped darts
 C - 7 boomerangs (quivered)
Armour
 b - the +5 scale mail of the Rescuing Gods (worn) {+Blink rElec Dex+4}
   (You found it on level 4 of the Dungeon)

   Dex:       It affects your dexterity (+4).
   rElec:     It insulates you from electricity.
   +Blink:    It lets you blink.
 c - a +2 helmet (worn)
 v - a +2 pair of gloves of strength (worn)
 H - a +2 cloak (worn)
 Q - a +0 pair of boots (worn)
Jewellery
 f - an amulet of guardian spirit (around neck)
 p - a ring of protection from fire
 x - a +6 ring of strength (right hand)
 B - a +4 ring of protection (left hand)
 G - a +6 ring of dexterity
 M - a +6 ring of strength
Wands
 o - a wand of mindburst (16)
 r - a wand of flame (23)
 s - a wand of polymorph (10)
 w - a wand of acid (12)
 I - a wand of roots (9)
Scrolls
 i - a scroll of brand weapon {unknown}
 j - 3 scrolls of magic mapping
 m - 2 scrolls of butterflies {unknown}
 n - a scroll of silence {unknown}
 q - 4 scrolls of noise {unknown}
 t - a scroll of amnesia {unknown}
 z - a scroll of immolation
 D - 3 scrolls of teleportation {unknown}
 E - a scroll of blinking {unknown}
 F - 2 scrolls of enchant weapon {unknown}
 L - 2 scrolls of identify
 N - a scroll of poison {unknown}
 O - a scroll of vulnerability {unknown}
 P - a scroll of summoning {unknown}
Potions
 a - 2 potions of lignification {unknown}
 h - 9 potions of curing
 A - a potion of resistance
 J - 2 potions of brilliance


   Skills:
 + Level 6.4 Fighting
 + Level 9.8 Maces & Flails
 + Level 7.1 Throwing
 + Level 7.7 Armour
 + Level 5.3 Dodging
 + Level 2.8 Stealth
 + Level 1.8 Evocations


You had 10 spell levels left.
You didn't know any spells.
Your spell library contained the following spells:

 Spells                   Type           Power      Damage    Failure   Level
 Foxfire                  Conj/Fire      0%         2x1d4     58%         1
 Freeze                   Ice            0%         1d3       58%         1
 Ensorcelled Hibernation  Hex/Ice        0%         N/A       75%         2
 Passwall                 Tmut/Erth      0%         N/A       75%         2
 Static Discharge         Conj/Air       0%         3-3/arc   75%         2
 Conjure Flame            Conj/Fire      0%         6-21      92%         3
 Dazzling Flash           Conj/Hex       0%         N/A       92%         3
 Frozen Ramparts          Ice            0%         1d1       92%         3
 Inner Flame              Hex/Fire       0%         N/A       92%         3
 Swiftness                Air            0%         N/A       92%         3
 Flame Wave               Conj/Fire      0%         2d4       100%        4
 Hailstorm                Conj/Ice       0%         3d3       100%        4
 Iskenderun's Mystic Bla  Conj/Tloc      0%         2d3       100%        4
 Lightning Bolt           Conj/Air       0%         1d11      100%        5
 Starburst                Conj/Fire      0%         6d3       100%        6
 Maxwell's Capacitive Co  Air            0%         ∞         100%        8


Dungeon Overview and Level Annotations

Branches:
Dungeon (9/15)             Temple (0/1) D:6            Lair (0/5) D:8
    Orc (2/2) D:9             Elf (0/3) Orc:2

Altars:
Ashenzari
Cheibriados
Elyvilon
Gozag
Nemelex Xobeh
Sif Muna
Uskayaw
Xom
Yredelemnul
The Shining One

Shops:
D:5 [   Orc:1 [


Innate Abilities, Weirdness & Mutations

You are immune to sickness and miasma.
Your stone body is resilient. (AC +8)
You are immune to poison.
You resist negative energy. (rN+)
You are resistant to electric shocks. (rElec)
You are resistant to unholy torment.
You are immune to petrification.
Your large and strong wings let you fly.


Message History

You feel much better. The two-headed ogre closely misses you.
The two-headed ogre misses you. The warg misses you.
The ogre closely misses you.
As you read the scroll labelled AHUSSO XIANES, it crumbles to dust.
You feel aware of your surroundings.
You sensed 1 altar, and 4 shops/portals.
It was a scroll of magic mapping.
The warg bites you. The two-headed ogre misses you.
The two-headed ogre hits you with a +0 giant club!
* * * LOW HITPOINT WARNING * * *
The two-headed ogre hits you with a +0 giant club.
* * * LOW HITPOINT WARNING * * *
The two-headed ogre barely misses you. The two-headed ogre closely misses you.
The two-headed ogre barely misses you.
The ogre mage casts a spell at the ogre.
The ogre seems to speed up.
As you read the scroll of fear, it crumbles to dust.
You assume a fearsome visage.
The warg looks frightened!
The ogre mage looks frightened!
The two-headed ogre looks frightened!
The two-headed ogre resists with almost no effort.
The two-headed ogre looks frightened!
The ogre looks frightened!
The ogre mage casts a spell.
The ogre mage flickers and vanishes!
Deactivating autopickup; reactivate with Ctrl-A.
The two-headed ogre hits you but does no damage.
The two-headed ogre misses you.
The two-headed ogre attacks as you move away!
The two-headed ogre closely misses you.
The two-headed ogre hits you but does no damage.
The two-headed ogre looks more healthy.
You feel very mighty all of a sudden.
The two-headed ogre hits you with a +0 giant club.
* * * LOW HITPOINT WARNING * * *
The two-headed ogre hits you but does no damage.
Unknown command.
You completely miss the two-headed ogre.
The two-headed ogre closely misses you.
The two-headed ogre hits you with a +0 giant club!!
You die...
Your body rises from the dead as a mindless zombie.

,,,,*****,*,#.h>..........,,,,,,,
,,,***,#.,,*#.{...........,,,,,,,
,,,**,....***#......).....,,,,,,,
,,**,,....#* ##...........,,,,,,,
.,,,,,.....###...)....._..,,,,,,,
.,,*,,......#.............,,,,,,,
,,*,,,..#..#..............,,,,,,,
,.....#.........O.........,,,,,,,
,....#..........@.........,,,,,,,
#.....#...................,,,,,,,
#.....###.................,,,,,,,
.#.#...*#.................,,,**,*
...##..###................,,,,*,*
...................#......,,,,,,,
........)................#,,,,,,,
.......).)................,,,,**,
....#....)....##.#........,,,***,


You could see a two-headed ogre (fast).

Vanquished Creatures
  A two-headed ogre (Orc:2)
  An orc knight (Orc:2)
  An unseen horror (D:6)
  A troll (Orc:2)
  2 yaks
  A steam dragon (D:8)
  A warg (Orc:2)
  Edmund (D:6)
  2 water moccasins
  9 orc warriors
  3 sky beasts
  A black bear (D:5)
  4 ogres
  The ghost of RogueRain17 the Chopper, an amateur DsGl (D:3)
  A centaur (D:8)
  A kobold brigand (D:7)
  2 bullfrogs
  A scorpion (D:7)
  A necrophage (D:4)
  3 wights (D:8)
  7 killer bees (D:9)
  2 howler monkeys (D:9)
  A jelly (D:7)
  9 orc priests
  3 hounds
  2 gnoll boudas
  Jessica (D:2)
  4 iguanas
  9 orc wizards
  9 gnolls
  2 adders
  A shadow imp (D:7)
  3 white imps
  3 worms
  3 dart slugs
  20 orcs
  6 endoplasms
  A giant cockroach (D:1)
  7 goblins
  4 hobgoblins
  4 jackals (D:4)
  2 quokkas (D:1)
  A ball python (D:1)
  2 frilled lizards
  11 kobolds
  4 rats
159 creatures vanquished.

Vanquished Creatures (collateral kills)
  Menkaure (D:5)
  An orc warrior (Orc:2)
  An ice beast (D:7)
  An ogre (Orc:1)
  2 killer bees (D:9)
  2 jellies
  An iguana (D:4)
  3 gnolls
  An adder (D:6)
  A white imp (D:7)
  A worm (D:3)
  9 orcs
  A goblin (D:2)
  A jackal (D:4)
  6 kobolds
  A rat (D:2)
33 creatures vanquished.

Vanquished Creatures (others)
  A two-headed ogre zombie (Orc:2)
  A warg zombie (Orc:2)
  A bullfrog zombie (D:7)
  An orc wizard (Orc:1)
  5 killer bee zombies (D:9)
  2 ogre zombies (Orc:1)
  An ice beast zombie (D:7)
  2 hound zombies
  14 orc zombies
  2 adder zombies
  An iguana zombie (D:5)
  A spectral white imp (D:6)
  A worm zombie (D:2)
  3 gnoll zombies
  A goblin zombie (D:3)
  3 jackal zombies (D:4)
  3 kobold zombies
  A rat zombie (D:3)
  A fungus (D:7)
45 creatures vanquished.

Grand Total: 237 creatures vanquished

Notes
Turn   | Place    | Note
-------+----------+-------------------------------------------
     0 | D:1      | xian the Gargoyle Gladiator began the quest for the Orb.
     0 | D:1      | Reached XP level 1. HP: 12/12 MP: 1/1
   396 | D:1      | Reached XP level 2. HP: 17/17 MP: 2/2
   550 | D:1      | Found a faded altar of an unknown god.
   576 | D:1      | Prayed at the altar of an unknown god.
   576 | D:1      | Became a worshipper of Yredelemnul the Dark
   576 | D:1      | Reached * piety under Yredelemnul
  1034 | D:2      | Reached XP level 3. HP: 22/22 MP: 3/3
  1390 | D:2      | Noticed Jessica
  1406 | D:2      | Killed Jessica
  1407 | D:2      | Reached skill level 4 in Maces & Flails
  1407 | D:2      | Reached XP level 4. HP: 23/27 MP: 4/4
  1697 | D:3      | Found a shimmering blue altar of Sif Muna.
  1702 | D:3      | Found an opulent altar of Gozag.
  1729 | D:3      | Found a basalt altar of Yredelemnul.
  1736 | D:3      | Found a white marble altar of Elyvilon.
  1744 | D:3      | Found a glowing golden altar of the Shining One.
  1761 | D:3      | Found a shimmering altar of Xom.
  1762 | D:3      | Found a sparkling altar of Nemelex Xobeh.
  1916 | D:3      | Found a runed translucent door.
  1917 | D:3      | Noticed RogueRain17's ghost (amateur DsGl)
  1946 | D:3      | Killed RogueRain17's ghost
  1947 | D:3      | Reached skill level 1 in Armour
  1947 | D:3      | Reached XP level 5. HP: 10/31 MP: 1/5
  2511 | D:4      | Reached skill level 5 in Maces & Flails
  2511 | D:4      | Reached skill level 1 in Stealth
  2511 | D:4      | Reached XP level 6. HP: 35/36 MP: 6/6
  2981 | D:4      | Identified the +5 scale mail of the Rescuing Gods {+Blink
                  | rElec Dex+4}
  3263 | D:4      | Reached ** piety under Yredelemnul
  3477 | D:4      | Found a snail-covered altar of Cheibriados.
  3477 | D:4      | Found a broken altar of Ashenzari.
  3478 | D:4      | Found a hide-covered altar of Uskayaw.
  3525 | D:4      | Identified a scroll of acquirement
  3526 | D:4      | Acquired a +2 pair of gloves of strength
  3684 | D:5      | Entered Level 5 of the Dungeon
  3685 | D:5      | Noticed a black bear
  3693 | D:5      | Killed a black bear
  3694 | D:5      | Reached XP level 7. HP: 41/41 MP: 7/7
  3914 | D:5      | Noticed Menkaure
  3921 | D:5      | Killed Menkaure
  3922 | D:5      | Reached skill level 6 in Maces & Flails
  4117 | D:5      | Found Joxop's Armour Boutique.
  4380 | D:6      | Reached XP level 8. HP: 39/47 MP: 8/8
  4703 | D:6      | Reached skill level 5 in Armour
  4764 | D:6      | Gained mutation: Your large and strong wings let you fly.
                  | [potion of mutation]
  4764 | D:6      | Gained mutation: Your spells are a little harder to cast,
                  | but a little more powerful. [potion of mutation]
  4764 | D:6      | Lost mutation: Your spells are a little harder to cast, but
                  | a little more powerful. [potion of mutation]
  4775 | D:6      | Killed an unseen horror
  4776 | D:6      | Reached skill level 7 in Maces & Flails
  5289 | D:6      | Noticed Edmund
  5297 | D:6      | Killed Edmund
  5298 | D:6      | Reached skill level 1 in Evocations
  5328 | D:6      | Found a staircase to the Ecumenical Temple.
  5391 | D:7      | Reached XP level 9. HP: 52/52 MP: 9/9
  5851 | D:7      | Reached skill level 5 in Throwing
  6174 | D:8      | Reached skill level 8 in Maces & Flails
  6179 | D:8      | Reached skill level 5 in Fighting
  6581 | D:8      | Found a staircase to the Lair.
  6996 | D:9      | Reached XP level 10. HP: 45/59 MP: 7/10
  7012 | D:9      | Found a staircase to the Orcish Mines.
  7117 | D:9      | Reached skill level 9 in Maces & Flails
  7129 | Orc:1    | Entered Level 1 of the Orcish Mines
  7374 | Orc:1    | Found Offyfu's Antique Armour Shop.
  7498 | Orc:2    | Entered Level 2 of the Orcish Mines
  7511 | Orc:2    | Reached skill level 5 in Dodging
  7699 | Orc:2    | Noticed an orc knight
  7727 | Orc:2    | Killed an orc knight
  7965 | Orc:2    | Found a staircase to the Elven Halls.
  7968 | Orc:2    | Noticed an ogre mage
  7968 | Orc:2    | Noticed a two-headed ogre
  7968 | Orc:2    | Noticed a two-headed ogre
  7969 | Orc:2    | Noticed a two-headed ogre
  7970 | Orc:2    | Noticed a two-headed ogre
  7978 | Orc:2    | Killed a two-headed ogre
  7979 | Orc:2    | Reached XP level 11. HP: 49/66 MP: 7/11
  7980 | Orc:2    | Paralysed by an ogre mage for 2 turns
  7995 | Orc:2    | Slain by a two-headed ogre

Illustrated notes

Levels and vault maps discovered:
D:1:      minmay_arrival_radiant_lines, layout_basic,
          hellmonk_ecumenical_altar_zigzags, minmay_pentomino_x4
D:2:      layout_basic, uniq_jessica
D:3:      layout_rooms, nicolae_overflow_hallway_of_the_gods,
          ebering_ghost_reflecting_pool, fountainhead, palyth_stone_intersect
D:4:      layout_gridville, gammafunk_temple_overflow_claw,
          hangedman_decor_points, minmay_misc_feat_roman, st_stairs_5
D:5:      layout_rooms, serial_shops, kennysheep_little_box, uniq_menkaure
D:6:      layout_basic, minmay_temple_entry_antechambers, uniq_edmund
D:7:      layout_rooms, nicolae_benzene_ring, dreamdust_gnoll_farm
D:8:      layout_loops_cross, lair_entry_dummy, nicolae_wwwww,
          nicolae_fountain_basement
D:9:      layout_rooms, hangedman_ru_absence, grunt_temple_overflow_open,
          david_orc_2
Orc:1:    layout_caves, serial_shops, nicolae_shop_statue_plus,
          lemuel_statue_altar, uniq_nergalle
Orc:2:    grunt_orc_cross, layout_caves, basic_altar

Skill      XL: |  1  2  3  4  5  6  7  8  9 10 |
---------------+-------------------------------+-----
Maces & Flails | 4 5 6 7 8 9 |  9.8
Throwing       | 2 3 4 5 7 |  7.1
Armour         | 1 2 3 4 5 6 7 |  7.7
Dodging        | 3 4 5 |  5.3
Stealth        | 1 2 |  2.8
Fighting       | 3 4 5 6 |  6.4
Evocations     | 1 |  1.8

Action                   |  1- 3 |  4- 6 |  7- 9 | 10-12 || total
-------------------------+-------+-------+-------+-------++-------
Melee: Flail             |    78 |    95 |    89 |       ||   262
       Punch             |       |     1 |     2 |       ||     3
       Dire flail        |       |       |   118 |    96 ||   214
Throw: Boomerang         |       |    17 |    58 |    72 ||   147
       Dart              |       |     4 |     4 |       ||     8
       Throwing net      |       |     1 |       |       ||     1
Invok: Recall Undead Har |     1 |     1 |       |     1 ||     3
Evoke: Wand              |       |     1 |    10 |       ||    11
  Use: Potion            |       |     4 |     1 |     6 ||    11
       Scroll            |       |     7 |     4 |     2 ||    13
 Stab: Distracted        |       |     2 |       |     2 ||     4
       Invisible         |       |     2 |       |       ||     2
Armor: Leather armour    |    36 |    28 |       |       ||    64
       Scale mail        |       |    18 |   234 |    78 ||   330
Dodge: Dodged            |    35 |    83 |   137 |   111 ||   366
